 Dungeon Crawl Stone Soup version 0.17.1-3-g152610e (webtiles) character file.

65 Gargoyl the Skirmisher (level 3, 0/30 HPs)
             Began as a Demonspawn Abyssal Knight on Mar 20, 2016.
             Was a Believer of Lugonu.
             Slain by Crazy Yiuf
             ... wielding a +2 quarterstaff of chaos
              (2 damage)
             ... on level 2 of the Dungeon.
             The game lasted 00:04:31 (2555 turns).

Gargoyl the Skirmisher (Demonspawn Abyssal Knight)  Turns: 2555, Time: 00:04:32

Health: 0/30       AC:  6    Str: 13    XL:     3   Next: 92%
Magic:  5/5        EV: 10    Int: 13    God:    Lugonu [**....]
Gold:   59         SH:  0    Dex: 12    Spells: 0 memorised, 2 levels left

rFire  + + .     SeeInvis .     a - +1 hand axe
rCold  + . .     Clarity  .     p - +0 ring mail
rNeg   . . .     SustAt   .     (no shield)
rPois  +         Gourm    .     (no helmet)
rElec  +         Spirit   .     (no cloak)
rCorr  +         Warding  .     b - +0 pair of gloves
rMut   .         Stasis   .     (no boots)
MR     .....                    (no amulet)
Stlth  +.........               (no ring)
                                (no ring)

@: lethally poisoned (0 -> -4), resistant, flying, very slightly contaminated,
invisible, not resistant to hostile enchantments, very unstealthy
A: fire resistance 1
a: Depart the Abyss, Bend Space, Renounce Religion


You were on level 2 of the Dungeon.
You worshipped Lugonu.
Lugonu was pleased with you.
You were hungry.

You visited 1 branch of the dungeon, and saw 2 of its levels.
You visited the Abyss 1 time.

You collected 59 gold pieces.

Inventory:

Hand Weapons
 a - a +1 hand axe (weapon)
Armour
 b - a +0 pair of gloves (worn)
 p - a +0 ring mail (worn)
Scrolls
 d - a scroll of magic mapping {unknown}
 e - a scroll of amnesia {unknown}
 g - a scroll of blinking {unknown}
 h - 2 scrolls of random uselessness {unknown}
 k - a scroll of remove curse {unknown}
 l - a scroll of identify {unknown}
 m - a scroll of immolation {unknown}
 o - a scroll of teleportation {unknown}
Potions
 i - a potion of flight
Comestibles
 c - a bread ration
 j - a beef jerky


   Skills:
 + Level 3.7 Fighting
 + Level 2.3 Axes
 + Level 2.1 Armour
 + Level 1.7 Dodging
 + Level 2.8 Invocations


You had 2 spell levels left.
You didn't know any spells.

Dungeon Overview and Level Annotations

Branches:
Dungeon (2/15)

Altars:
Cheibriados

Annotations:
D:2 Crazy Yiuf


Innate Abilities, Weirdness & Mutations

Your flesh is heat resistant.


Message History

You barely miss Crazy Yiuf.
Crazy Yiuf is heavily wounded.
Crazy Yiuf grits, "Ice hog action!"
Crazy Yiuf misses you.
Okay, then.
You hit Crazy Yiuf but do no damage.
Crazy Yiuf is heavily wounded.
You feel sick.
Crazy Yiuf hits you with a quarterstaff of chaos.
* * * LOW HITPOINT WARNING * * *
You miss Crazy Yiuf.
Crazy Yiuf is heavily wounded.
Crazy Yiuf misses you.
You catch the helpless Crazy Yiuf completely off-guard!
You hit Crazy Yiuf.
Crazy Yiuf is severely wounded.
* * * LOW HITPOINT WARNING * * *
You feel sick.
Crazy Yiuf hits you with a quarterstaff of chaos.
You die...

........### #.
.......## ##. .......#
#.. .......### ### #..
.......'.# #.# #..
.......### #.#####..
.........# ###
####>.......
#.##.....# #)..###
##..#.#####..
..##.....#
#...g@####......# #..
...#.....#
#...##..#.......####..
...#.....# ###
###.#...#........
#..#.....#
#######..####..
#..#.....# #..# #..
#..#.....# #..# #(#
#..######. #... ...
#...# #..## #.# ....#
#..# #.#


You could see Crazy Yiuf.

Vanquished Creatures
  An adder (D:2)
  An ooze (D:2)
  A worm (D:2)
  2 giant geckos (D:1)
  2 ball pythons
  2 giant cockroaches
  6 goblins (D:1)
  6 hobgoblins
  6 jackals (D:1)
  A bat (D:1)
  2 giant newts
  6 kobolds
  6 rats
42 creatures vanquished.

Notes
Turn   | Place    | Note
--------------------------------------------------------------
     0 | Abyss:1  | Gargoyl the Demonspawn Abyssal Knight began the quest for the Orb.
     0 | Abyss:1  | Reached XP level 1. HP: 18/18 MP: 2/2
    62 | Abyss:1  | Noticed an ancient zyme
    75 | Abyss:1  | Noticed a starcursed mass
   108 | Abyss:1  | Noticed a ynoxinul
   145 | Abyss:1  | Noticed a snapping turtle skeleton
   151 | Abyss:1  | Noticed a small abomination
   152 | D:1      | Escaped the Abyss
   391 | D:1      | Gained mutation: Your flesh is heat resistant. [demonic ancestry]
   391 | D:1      | Reached XP level 2. HP: 9/24 MP: 3/3
   611 | D:1      | Reached skill level 1 in Dodging
   626 | D:1      | Reached * piety under Lugonu
  1222 | D:1      | Reached XP level 3. HP: 27/29 MP: 5/5
  2004 | D:2      | Found a snail-covered altar of Cheibriados.
  2497 | D:2      | Reached ** piety under Lugonu
  2538 | D:2      | Noticed Crazy Yiuf
  2544 | D:2      | Paralysed by Crazy Yiuf for 3 turns
  2555 | D:2      | Slain by Crazy Yiuf

Action                   || total
-------------------------++-------
Melee: Hand axe          ||   169
Invok: Depart the Abyss  ||     1
  Use: Potion            ||     3
 Stab: Invisible         ||     2
  Eat: Chunk             ||     5
